 Dungeon Crawl Stone Soup version 0.17.1-2-g5865329 (webtiles) character file.

90 Miyamura the Chucker (level 4, -4/44 HPs)
             Began as a Troll Hunter on Jan 16, 2016.
             Killed from afar by Natasha (7 damage)
             ... with a wand of magic darts
             ... on level 2 of the Dungeon.
             The game lasted 00:03:32 (1264 turns).

Miyamura the Chucker (Troll Hunter)                 Turns: 1264, Time: 00:03:32

Health: -4/44      AC:  5    Str: 21    XL:     4   Next: 32%
Magic:  3/3        EV: 10    Int:  7    God:
Gold:   43         SH:  0    Dex: 10    Spells: 0 memorised, 3 levels left

rFire  . . .     SeeInvis .     (no weapon)
rCold  . . .     Clarity  .     b - +0 robe
rNeg   . . .     SustAt   .     (no shield)
rPois  .         Gourm    +     (helmet restricted)
rElec  .         Spirit   .     (no cloak)
rCorr  .         Warding  .     (gloves unavailable)
rMut   .         Stasis   .     (boots unavailable)
MR     .....                    (no amulet)
Stlth  +.........               (no ring)
                                (no ring)

@: not resistant to hostile enchantments, very unstealthy
A: unfitting armour, claws 3, fast metabolism 3, gourmand, regeneration 2,
shaggy fur 1, tough skin 2
a: no special abilities


You were on level 2 of the Dungeon.
You were completely stuffed.

You visited 1 branch of the dungeon, and saw 2 of its levels.

You collected 43 gold pieces.

Inventory:

Hand Weapons
 h - a +0 club
Missiles
 c - 3 large rocks (quivered)
 d - 2 throwing nets
 n - 16 poisoned needles
Armour
 b - a +0 robe (worn)
Scrolls
 a - a scroll of blinking {unknown}
 j - a scroll of random uselessness {unknown}
 k - 2 scrolls of identify {unknown}
 m - a scroll of magic mapping {unknown}
 o - a scroll of remove curse {unknown}
 p - a scroll of recharging {unknown}
Potions
 f - a potion of mutation {unknown}
 i - a potion of curing {unknown}
Comestibles
 e - 4 bread rations
 g - 5 chunks of flesh
 l - a slice of pizza


   Skills:
 + Level 2.5 Fighting
 + Level 1.3 Maces & Flails
 + Level 4.1 Throwing
 + Level 2.2 Dodging
 - Level 0.4 Stealth


You had 3 spell levels left.
You didn't know any spells.

Dungeon Overview and Level Annotations

Branches:
Dungeon (2/15)

Altars:

Annotations:
D:2 Natasha


Innate Abilities, Weirdness & Mutations

You are too large for most types of armour.
You have claws for hands.
Your metabolism is lightning-fast.
You like to eat raw meat.
You heal very quickly.
You are covered in fur (AC +1).
You have very tough skin (AC +2).


Message History

Throwing (i - inventory. (,) - cycle):
c - 5 large rocks (quivered)
Press: ? - help, Shift-Dir - straight line, f - Natasha
Aim: Natasha, carrying a wand of magic darts {zapped: 2} You throw a large rock.
The large rock closely misses Natasha.
Natasha zaps a wand.
The magic dart hits you! The gnoll hits you but does no damage.
Throwing (i - inventory. (,) - cycle):
c - 4 large rocks (quivered)
Press: ? - help, Shift-Dir - straight line, f/p - Natasha
Aim: Natasha, carrying a wand of magic darts {zapped: 3} You throw a large rock.
The large rock hits Natasha!
Natasha is almost dead.
Natasha zaps a wand.
The magic dart hits you!
The gnoll hits you from afar with a halberd!
* * * LOW HITPOINT WARNING * * *
The gnoll hits you.
* * * LOW HITPOINT WARNING * * *
Read which item? (? for menu, Esc to quit)
Okay, then.
Natasha zaps a wand.
The magic dart hits you!
You die...

.########..............#
..................####.##########
.########.........# #.#.........
.# ########.## #.#......... .#
#####.# #.#.........
.###########.....#####.#...(.....
...........(h...........รท.....>..
.#########.#.....#######.........
.## #.#....@# #.........
..########.#.....# ##########
...........#....g#
...######..#...gg#
.#<.....#........#
.#..###.#...#+##.#
.##.###.#...#.##.################
.#...............................
.#..###.#........................


You could see Natasha and 3 gnolls.

Vanquished Creatures
  Natasha (D:2)
  2 adders (D:2)
  An ooze (D:1)
  A worm (D:2)
  3 giant cockroaches
  5 hobgoblins
  8 jackals (D:1)
  A quokka (D:2)
  2 bats (D:1)
  2 giant newts
  7 goblins
  2 kobolds
  A rat (D:1)
36 creatures vanquished.

Notes
Turn   | Place    | Note
--------------------------------------------------------------
     0 | D:1      | Miyamura the Troll Hunter began the quest for the Orb.
     0 | D:1      | Reached XP level 1. HP: 19/19 MP: 0/0
   200 | D:1      | Reached XP level 2. HP: 23/28 MP: 1/1
   736 | D:1      | Reached XP level 3. HP: 35/35 MP: 2/2
  1141 | D:2      | Reached skill level 1 in Maces & Flails
  1151 | D:2      | Noticed Natasha
  1155 | D:2      | Killed Natasha
  1155 | D:2      | Reached skill level 4 in Throwing
  1155 | D:2      | Reached XP level 4. HP: 41/44 MP: 3/3
  1259 | D:2      | Noticed Natasha
  1263 | D:2      | HP: 2/44 [gnoll (6)]
  1264 | D:2      | Killed from afar by Natasha

Action                   |  1- 3 |  4- 6 || total
-------------------------+-------+-------++-------
Melee: Unarmed           |   115 |    18 ||   133
Throw: Large rock        |     1 |     2 ||     3
  Eat: Chunk             |    16 |     1 ||    17
